 Dungeon Crawl Stone Soup version 0.31-a0-174-g85c54bcb58 (webtiles) character file.

Game seed: 16621751400910346254

5439 qw the Cleaver (level 10, -11/64 HPs)
             Began as a Gargoyle Fighter on June 15, 2023.
             Was a Believer of Okawaru.
             Mangled by a yak (12 damage)
             ... on level 1 of the Lair of Beasts.
             The game lasted 00:04:18 (9808 turns).

qw the Cleaver (Gargoyle Fighter)                   Turns: 9808, Time: 00:04:18

Health: -11/64     AC: 23    Str: 25    XL:     10   Next: 68%
Magic:  13/13      EV:  9    Int:  8    God:    Okawaru [**....]
Gold:   495        SH:  6    Dex:  9    Spells: 9/9 levels left

rFire   . . .        Y - +1 war axe
rCold   + . .        c - +0 buckler
rNeg    + . .        b - +0 plate armour
rPois   inf          (no helmet)
rElec   +            e - +0 cloak
rCorr   .            (no gloves)
SInv    .            (no boots)
Will    .....        (no amulet) Stlth
                     f - ring of protection from cold
HPRegen 0.30/turn    (no ring)
MPRegen 0.13/turn

%: no passive effects
@: about to teleport, heroic
A: sickness immunity, AC +7, negative energy resistance 1, electricity
resistance, torment resistance 1, petrification resistance
a: Renounce Religion, Heroism


You were on level 1 of the Lair of Beasts.
You worshipped Okawaru.
Okawaru was pleased with you.
You visited 3 branches of the dungeon, and saw 10 of its levels.

You collected 495 gold pieces.


Innate Abilities, Weirdness & Mutations

You are immune to sickness and miasma.
Your stone body is resilient. (AC +7)
You are immune to poison.
You resist negative energy. (rN+)
You are resistant to electric shocks. (rElec)
You are resistant to unholy torment.
You are immune to petrification.


   Skills:
 - Level 8.0(13.0) Fighting
 + Level 10.7(15.7) Axes
 - Level 3.0(8.0) Throwing
 - Level 6.2(11.2) Armour
 - Level 1.0(6.0) Dodging
 - Level 5.0(10.0) Shields
 - Level 4.0 Invocations


You had 9 spell levels left.
You didn't know any spells.
Your spell library was empty.

Inventory:

Hand Weapons
 g - a +1 flail of holy wrath
 l - a +0 flail of protection
 Y - a +1 war axe (weapon)
Armour
 b - a +0 plate armour (worn)
 c - a +0 buckler (worn)
 e - a +0 cloak (worn)
Jewellery
 f - a ring of protection from cold (left hand)
 k - a ring of ice
Scrolls
 a - 3 scrolls of identify
 j - a scroll of teleportation
Potions
 d - 2 potions of might
 h - 2 potions of cancellation
 i - a potion of curing
 m - a potion of lignification
 p - a potion of mutation

Dungeon Overview and Level Annotations

Branches:
Dungeon (8/15)             Temple (1/1) D:4            Lair (1/5) D:8

Altars:
Ashenzari
Dithmenos
Elyvilon
Fedhas
Gozag
Hepliaklqana
Makhleb
Nemelex Xobeh
Okawaru
Qazlal
Ru
Trog
Uskayaw
Vehumet
Wu Jian
Xom
Yredelemnul
The Shining One


Message History

You slash the komodo dragon!
You kill the komodo dragon!
Okawaru accepts your kill.
You slash the cane toad!
The cane toad stings you but does no damage.
You closely miss the cane toad.
The cane toad is moderately wounded.
You hit the yak. You hit the yak but do no damage.
The yak gores you but does no damage. The yak gores you.
You hit the cane toad but do no damage.
The cane toad is moderately wounded.
You hit the yak. You slash the yak! The cane toad closely misses you.
The yak barely misses you. The yak gores you but does no damage.
You barely miss the cane toad.
The cane toad is moderately wounded.
The yak bellows!
You slash the yak! You barely miss the yak. The cane toad stings you.
You hit the cane toad but do no damage.
The cane toad is moderately wounded.
You slash the yak! You hit the yak but do no damage.
The cane toad stings you but does no damage.
You block the yak's attack. The yak gores you!
You hit the yak.
The yak is heavily wounded.
You slash the cane toad! You barely miss the yak. The cane toad stings you.
The yak gores you. The yak gores you but does no damage.
9807 ||| READING 2 scrolls of teleportation.
As you read the scroll of teleportation, it crumbles to dust.
You feel strangely unstable.
A wolf comes into view.
The cane toad barely misses you. The yak gores you!
The yak gores you but does no damage.
The wolf moves out of view.
You slash the cane toad!
The cane toad is almost dead.
You hit the yak. x2
The cane toad barely misses you. The yak barely misses you. The yak gores you!
You die...

#####......#
..(.......##
........###
###.....##
####...#
###.##
##.###
####YY.#
#.F@YY.#
#.#####.(# #
#.>.# .Y..
..Y


FY You could see 4 yaks and a cane toad.

Vanquished Creatures
  A komodo dragon (Lair:1)
  A hornet (D:6)
  4 basilisks (D:8)
  5 yaks
  2 steam dragons (D:8)
  A wyvern (D:8)
  Edmund (D:6)
  4 water moccasins
  3 ice beasts
  3 black bears
  A sky beast (D:8)
  An ogre (D:5)
  4 centaurs
  2 phantoms
  4 bullfrogs
  A scorpion (D:7)
  3 wights
  4 killer bees (D:8)
  2 howler monkeys
  3 hounds
  A gnoll bouda (D:6)
  3 orc priests
  2 sleepcaps (D:6)
  Jessica (D:3)
  Natasha (twice) (D:3)
  5 iguanas
  3 orc wizards
  Ijyb (D:3)
  5 gnolls (D:6)
  11 adders
  A white imp (D:8)
  3 ufetubi
  6 dart slugs
  29 orcs
  4 bats (D:1)
  3 endoplasms
  6 giant cockroaches
  15 goblins
  9 hobgoblins
  3 quokkas
  6 ball pythons
  2 frilled lizards
  10 kobolds
  6 rats
187 creatures vanquished.

Vanquished Creatures (others)
  A water moccasin (D:8)
  An ice beast (D:8)
  An orc (D:8)
3 creatures vanquished.

Grand Total: 190 creatures vanquished

Notes
Turn   | Place    | Note
-------+----------+-------------------------------------------
     0 | D:1      | qw the Gargoyle Fighter began the quest for the Orb.
     0 | D:1      | Reached XP level 1. HP: 14/14 MP: 1/1
     0 | D:1      | 0 ||| qw: Version: 0.2-a-29-g511e9b1
     0 | D:1      | 0 ||| qw: Game counter: 5260
     0 | D:1      | 0 ||| qw: Always use a shield: true
     0 | D:1      | 0 ||| qw: God list: Okawaru
     0 | D:1      | 0 ||| qw: Allow faded altars: false
     0 | D:1      | 0 ||| qw: Do Orc after D:15 true
     0 | D:1      | 0 ||| qw: Do second Lair branch before Depths: true
     0 | D:1      | 0 ||| qw: Lair rune preference: random
     0 | D:1      | 0 ||| qw: Plans: Normal, Zot:1-4, Slime:5, God:TSO, Crypt,
                  | Tomb, Abyss, Pan, Hells, Win
     0 | D:1      | 0 ||| PLANNING D:1-11
    58 | D:1      | 58 ||| Stepping ~*~*~tactically~*~*~ (stealth).
    60 | D:1      | 60 ||| Stepping ~*~*~tactically~*~*~ (stealth).
    72 | D:1      | Reached skill level 2 in Axes
   183 | D:1      | Reached XP level 2. HP: 18/19 MP: 2/2
   347 | D:1      | Reached skill level 3 in Axes
   518 | D:1      | 518 ||| DROPPING +0 club.
   595 | D:1      | 595 ||| Stepping ~*~*~tactically~*~*~ (hiding).
   602 | D:1      | 602 ||| Stepping ~*~*~tactically~*~*~ (hiding).
   606 | D:1      | Reached XP level 3. HP: 23/23 MP: 3/3
   739 | D:1      | 739 ||| Stepping ~*~*~tactically~*~*~ (stealth).
   884 | D:1      | 884 ||| Stepping ~*~*~tactically~*~*~ (hiding).
  1085 | D:1      | 1085 ||| UPGRADING to +0 cloak.
  1090 | D:1      | 1090 ||| UPGRADING to +0 chain mail.
  1100 | D:1      | 1100 ||| DROPPING +0 scale mail.
  1101 | D:1      | 1101 ||| READING 2 scrolls labelled OZEGARCHUFFI.
  1102 | D:1      | 1102 ||| READING scroll labelled ONTYZI BAELL.
  1103 | D:1      | 1103 ||| READING scroll labelled UVOYTA ENKESKU.
  1104 | D:1      | 1104 ||| DRINKING 2 smoky grey potions.
  1105 | D:1      | 1105 ||| DROPPING potion of enlightenment.
  1218 | D:2      | 1218 ||| Stepping ~*~*~tactically~*~*~ (water).
  1281 | D:2      | Noticed a phantom
  1291 | D:2      | Killed a phantom
  1292 | D:2      | Reached XP level 4. HP: 27/28 MP: 4/4
  1303 | D:2      | Reached XP level 5. HP: 32/32 MP: 5/5
  1653 | D:2      | 1653 ||| Stepping ~*~*~tactically~*~*~ (stealth).
  1674 | D:2      | 1674 ||| DRINKING 2 smoky dark potions.
  1767 | D:3      | Noticed Jessica
  1768 | D:3      | 1768 ||| Stepping ~*~*~tactically~*~*~ (hiding).
  1773 | D:3      | Killed Jessica
  1774 | D:3      | Reached skill level 4 in Axes
  1876 | D:3      | 1876 ||| Stepping ~*~*~tactically~*~*~ (stealth).
  1877 | D:3      | 1877 ||| Stepping ~*~*~tactically~*~*~ (stealth).
  2044 | D:3      | 2044 ||| Stepping ~*~*~tactically~*~*~ (stealth).
  2110 | D:3      | Found an ornate altar of the Wu Jian Council.
  2111 | D:3      | Found a shimmering altar of Xom.
  2125 | D:3      | 2125 ||| Stepping ~*~*~tactically~*~*~ (hiding).
  2258 | D:3      | Found a glowing golden altar of the Shining One.
  2260 | D:3      | Noticed an angel
  2265 | D:3      | Found a basalt altar of Yredelemnul.
  2267 | D:3      | Noticed a profane servitor
  2537 | D:3      | Noticed Ijyb
  2545 | D:3      | Killed Ijyb
  2602 | D:3      | Found a sacrificial altar of Ru.
  2638 | D:3      | Noticed Natasha
  2640 | D:3      | 2640 ||| Stepping ~*~*~tactically~*~*~ (hiding).
  2658 | D:3      | Killed Natasha
  2659 | D:3      | Reached XP level 6. HP: 21/37 MP: 6/6
  2797 | D:3      | 2797 ||| DROPPING amulet of magic regeneration.
  2798 | D:3      | 2798 ||| READING scroll labelled JILUKE OGAOLU.
  2799 | D:3      | 2799 ||| READING 3 scrolls labelled ARI YR CEC.
  2804 | D:3      | 2804 ||| DRINKING 2 fizzy ruby potions.
  2808 | D:3      | Noticed Natasha
  2815 | D:3      | Killed Natasha
  2859 | D:4      | Reached skill level 5 in Axes
  2883 | D:4      | Found a stormy altar of Qazlal.
  2979 | D:4      | Noticed a +0 dagger
  2979 | D:4      | Noticed a +0 dagger
  2989 | D:4      | Found a hide-covered altar of Uskayaw.
  2994 | D:4      | Identified the +9 dagger of the Lurker {flame, rPois rC-
                  | rN+}
  3025 | D:4      | Found an opulent altar of Gozag.
  3318 | D:4      | 3318 ||| Stepping ~*~*~tactically~*~*~ (stealth).
  3352 | D:4      | 3352 ||| Stepping ~*~*~tactically~*~*~ (hiding).
  3353 | D:4      | 3353 ||| Stepping ~*~*~tactically~*~*~ (hiding).
  3354 | D:4      | 3354 ||| Stepping ~*~*~tactically~*~*~ (hiding).
  3611 | D:4      | Noticed a black bear
  3617 | D:4      | Killed a black bear
  3713 | D:4      | Found a staircase to the Ecumenical Temple.
  3714 | D:4      | 3714 ||| PLANNING TEMPLE
  3714 | D:4      | 3714 ||| UPGRADING to ring of protection from cold.
  3715 | D:4      | 3715 ||| READING scroll labelled FUMOTI LIOJ.
  3716 | D:4      | 3716 ||| READING 2 scrolls of identify.
  3716 | D:4      | 3716 ||| IDENTIFYING fizzy silvery potion
  3721 | Temple   | Entered the Ecumenical Temple
  3830 | Temple   | 3830 ||| PLANNING OKAWARU WORSHIP
  3864 | Temple   | Became a worshipper of Warmaster Okawaru
  3865 | Temple   | 3865 ||| PLANNING D:1-11
  4081 | D:4      | 4081 ||| Stepping ~*~*~tactically~*~*~ (stealth).
  4145 | D:4      | 4145 ||| UPGRADING to +0 plate armour.
  4155 | D:4      | 4155 ||| DROPPING +0 chain mail.
  4189 | D:5      | Entered Level 5 of the Dungeon
  4198 | D:5      | Noticed a black bear
  4210 | D:5      | Killed a black bear
  4211 | D:5      | Reached XP level 7. HP: 20/44 MP: 7/7
  4226 | D:5      | Identified the +9 spear of Checks and Balances {heavy,
                  | Str+5}
  4227 | D:5      | 4227 ||| Stepping ~*~*~tactically~*~*~ (stealth).
  4228 | D:5      | 4228 ||| Stepping ~*~*~tactically~*~*~ (stealth).
  4229 | D:5      | 4229 ||| Stepping ~*~*~tactically~*~*~ (stealth).
  4231 | D:5      | 4231 ||| Stepping ~*~*~tactically~*~*~ (stealth).
  4233 | D:5      | 4233 ||| Stepping ~*~*~tactically~*~*~ (stealth).
  4235 | D:5      | 4235 ||| Stepping ~*~*~tactically~*~*~ (stealth).
  4248 | D:5      | 4248 ||| Stepping ~*~*~tactically~*~*~ (stealth).
  4251 | D:5      | 4251 ||| Stepping ~*~*~tactically~*~*~ (stealth).
  4252 | D:5      | 4252 ||| STAIRDANCE
  4306 | D:5      | HP: 9/44 [centaur/the +9 spear of Checks and Balances
                  | {heavy, Str+5} (20)]
  4307 | D:5      | 4307 ||| READING 2 scrolls of teleportation.
  4308 | D:5      | 4308 ||| DRINKING potion of heal wounds.
  4785 | D:5      | 4785 ||| Stepping ~*~*~tactically~*~*~ (stealth).
  4788 | D:5      | 4788 ||| Stepping ~*~*~tactically~*~*~ (stealth).
  4790 | D:5      | 4790 ||| Stepping ~*~*~tactically~*~*~ (stealth).
  4791 | D:5      | 4791 ||| Stepping ~*~*~tactically~*~*~ (stealth).
  4822 | D:5      | Reached skill level 6 in Axes
  5019 | D:5      | 5019 ||| Stepping ~*~*~tactically~*~*~ (hiding).
  5024 | D:5      | 5024 ||| Stepping ~*~*~tactically~*~*~ (hiding).
  5035 | D:5      | Reached * piety under Okawaru
  5128 | D:5      | 5128 ||| FLEEEEING.
  5129 | D:5      | 5129 ||| FLEEEEING.
  5130 | D:5      | 5130 ||| FLEEEEING.
  5131 | D:5      | 5131 ||| STAIRDANCE
  5149 | D:4      | 5149 ||| READING scroll labelled ESELIY VISIAD.
  5150 | D:4      | 5150 ||| READING scroll labelled LOTIUR REASM.
  5151 | D:4      | 5151 ||| READING scroll labelled BOITIP LIRAPN.
  5154 | D:5      | 5154 ||| Stepping ~*~*~tactically~*~*~ (hiding).
  5156 | D:5      | 5156 ||| Stepping ~*~*~tactically~*~*~ (hiding).
  5183 | D:5      | 5183 ||| INVOKING Heroism.
  5192 | D:5      | Reached XP level 8. HP: 47/48 MP: 5/8
  5194 | D:5      | 5194 ||| INVOKING Heroism.
  5198 | D:5      | Reached skill level 7 in Axes
  5276 | D:5      | 5276 ||| DROPPING +0 mace.
  5435 | D:5      | Reached skill level 1 in Invocations
  5542 | D:5      | 5542 ||| INVOKING Heroism.
  5715 | D:5      | Found a blossoming altar of Fedhas.
  5842 | D:6      | 5842 ||| Stepping ~*~*~tactically~*~*~ (stealth).
  5848 | D:6      | Reached skill level 1 in Dodging
  5883 | D:6      | 5883 ||| Stepping ~*~*~tactically~*~*~ (hiding).
  5885 | D:6      | 5885 ||| Stepping ~*~*~tactically~*~*~ (hiding).
  5890 | D:6      | 5890 ||| INVOKING Heroism.
  6041 | D:6      | Reached skill level 3 in Invocations
  6051 | D:6      | Noticed Edmund
  6052 | D:6      | 6052 ||| INVOKING Heroism.
  6074 | D:6      | 6074 ||| INVOKING Heroism.
  6076 | D:6      | Killed Edmund
  6155 | D:6      | 6155 ||| INVOKING Heroism.
  6160 | D:6      | Reached skill level 8 in Axes
  6281 | D:6      | Noticed a hornet
  6294 | D:6      | 6294 ||| INVOKING Heroism.
  6296 | D:6      | Reached skill level 6 in Fighting
  6296 | D:6      | Reached XP level 9. HP: 37/55 MP: 8/11
  6311 | D:6      | HP: 12/55 [hornet (9)]
  6312 | D:6      | 6312 ||| READING 2 scrolls of teleportation.
  6313 | D:6      | 6313 ||| DRINKING potion of heal wounds.
  6315 | D:6      | Killed a hornet
  6550 | D:6      | 6550 ||| INVOKING Heroism.
  6987 | D:6      | 6987 ||| READING scroll labelled VOLALE RETRAMU.
  7026 | D:7      | 7026 ||| STAIRDANCE
  7152 | D:7      | 7152 ||| FLEEEEING.
  7153 | D:7      | 7153 ||| FLEEEEING.
  7154 | D:7      | 7154 ||| STAIRDANCE
  7204 | D:6      | 7204 ||| READING 4 scrolls of identify.
  7204 | D:6      | 7204 ||| IDENTIFYING bubbling cyan potion
  7205 | D:6      | 7205 ||| DROPPING potion of degeneration.
  7209 | D:7      | 7209 ||| STAIRDANCE
  7212 | D:6      | 7212 ||| INVOKING Heroism.
  7348 | D:7      | 7348 ||| Stepping ~*~*~tactically~*~*~ (stealth).
  7349 | D:7      | 7349 ||| Stepping ~*~*~tactically~*~*~ (stealth).
  7503 | D:7      | Reached skill level 9 in Axes
  7707 | D:7      | 7707 ||| Stepping ~*~*~tactically~*~*~ (stealth).
  7765 | D:7      | 7765 ||| Stepping ~*~*~tactically~*~*~ (stealth).
  7766 | D:7      | 7766 ||| Stepping ~*~*~tactically~*~*~ (stealth).
  7829 | D:7      | 7829 ||| Stepping ~*~*~tactically~*~*~ (stealth).
  8069 | D:7      | 8069 ||| READING scroll labelled BOENIN WUAMEI.
  8170 | D:7      | 8170 ||| READING 3 scrolls of identify.
  8170 | D:7      | 8170 ||| IDENTIFYING fizzy inky potion
  8171 | D:7      | 8171 ||| READING 2 scrolls of identify.
  8171 | D:7      | 8171 ||| IDENTIFYING glowing coppery potion
  8195 | D:8      | 8195 ||| Stepping ~*~*~tactically~*~*~ (stealth).
  8197 | D:8      | 8197 ||| Stepping ~*~*~tactically~*~*~ (stealth).
  8205 | D:8      | 8205 ||| INVOKING Heroism.
  8215 | D:8      | Reached ** piety under Okawaru
  8220 | D:8      | 8220 ||| FLEEEEING.
  8223 | D:8      | 8223 ||| STAIRDANCE
  8352 | D:8      | 8352 ||| INVOKING Heroism.
  8361 | D:8      | Reached skill level 6 in Armour
  8366 | D:8      | Reached XP level 10. HP: 35/63 MP: 11/13
  8375 | D:8      | HP: 12/63 [basilisk (7)]
  8376 | D:8      | 8376 ||| READING scroll of teleportation.
  8380 | D:8      | 8380 ||| INVOKING Heroism.
  8566 | D:8      | 8566 ||| INVOKING Heroism.
  8569 | D:8      | Reached skill level 10 in Axes
  8756 | D:8      | 8756 ||| Stepping ~*~*~tactically~*~*~ (hiding).
  8758 | D:8      | 8758 ||| Stepping ~*~*~tactically~*~*~ (hiding).
  8767 | D:8      | 8767 ||| INVOKING Heroism.
  8939 | D:8      | Identified the +11 falchion "Riaf" {holy, Fly rPois Dex+2}
  8956 | D:8      | Found a staircase to the Lair.
  8977 | D:8      | 8977 ||| Stepping ~*~*~tactically~*~*~ (stealth).
  9106 | D:8      | Reached skill level 3 in Throwing
  9383 | D:8      | 9383 ||| Stepping ~*~*~tactically~*~*~ (stealth).
  9385 | D:8      | 9385 ||| Stepping ~*~*~tactically~*~*~ (stealth).
  9387 | D:8      | 9387 ||| Stepping ~*~*~tactically~*~*~ (hiding).
  9472 | D:8      | 9472 ||| INVOKING Heroism.
  9599 | D:8      | 9599 ||| PLANNING LAIR
  9622 | D:8      | 9622 ||| INVOKING Heroism.
  9657 | D:8      | 9657 ||| Stepping ~*~*~tactically~*~*~ (stealth).
  9659 | D:8      | 9659 ||| Stepping ~*~*~tactically~*~*~ (stealth).
  9770 | Lair:1   | Entered Level 1 of the Lair of Beasts
  9786 | Lair:1   | 9786 ||| INVOKING Heroism.
  9786 | Lair:1   | Noticed a cane toad
  9787 | Lair:1   | 9787 ||| Stepping ~*~*~tactically~*~*~ (stealth).
  9788 | Lair:1   | 9788 ||| Stepping ~*~*~tactically~*~*~ (stealth).
  9799 | Lair:1   | Noticed a cane toad
  9806 | Lair:1   | HP: 14/64 [cane toad (5)]
  9807 | Lair:1   | 9807 ||| READING 2 scrolls of teleportation.
  9807 | Lair:1   | HP: 1/64 [yak (10)]
  9808 | Lair:1   | Mangled by a yak

Levels and vault maps discovered:
D:1:      nicolae_arrival_somewhat_less_tricky_arrival, layout_loops_cross,
          chequers_serial_rivers_room_b
D:2:      layout_basic, chequers_serial_rivers_room_b, kennysheep_flooded_box
D:3:      layout_loops_cross, grunt_temple_overflow_holy_war,
          mainiacjoe_overflow_divided_tiny, lemuel_doored_altar, uniq_jessica,
          uniq_ijyb, uniq_natasha
D:4:      layout_layer_cave, nicolae_gozag_seed_capital,
          nicolae_qazlal_general_emergency, dancing_weapons_uskayaw,
          temple_doors_ab, kennysheep_generic_room_11
D:5:      layout_loops_corners, lemuel_round_altar, minmay_manual_mess
D:6:      kennysheep_six_static_rooms, layout_loops_cross, uniq_edmund
D:7:      layout_basic
D:8:      layout_gridville, minmay_lair_entry_grove, enter_bailey_4,
          kennysheep_just_a_vault
Temple:   hellmonk_temple_forest_ring
Lair:1:   layout_layer_cave, beast_lair_carwin_10, uniq_urug, uniq_fannar,
          uniq_sonja

Skill      XL: |  1  2  3  4  5  6  7  8  9 10 |
---------------+-------------------------------+-----
Axes           | 2 3 4 5 6 8 9 10 | 10.7
Throwing       | 2 3 |  3.0
Fighting       | 4 6 7 8 |  8.0
Armour         | 4 6 |  6.2
Invocations    | 3 4 |  4.0
Dodging        | 1 |  1.0
Shields        | 4 5 |  5.0

Action                     |  1- 3 |  4- 6 |  7- 9 | 10-12 || total
---------------------------+-------+-------+-------+-------++-------
  Melee: War axe           |    91 |   119 |   308 |   181 ||   699
  Throw: Javelin           |     1 |    45 |    16 |     6 ||    68
 Invoke: Heroism           |       |       |    12 |     6 ||    18
    Use: Scroll            |     3 |     4 |    10 |     2 ||    19
         Potion            |     1 |     2 |     2 |       ||     5
 Armour: Scale mail        |    46 |       |       |       ||    46
         Chain mail        |    10 |    56 |       |       ||    66
         Plate armour      |       |    13 |   199 |   132 ||   344
  Dodge: Dodged            |    47 |    50 |   111 |    62 ||   270
  Block: Buckler           |    21 |    17 |    79 |    28 ||   145

Table legend:
 A = Non-vault XP
 B = Vault XP
 C = Vault XP percentage of total XP
 D = Non-vault monster count
 E = Vault monster count
 F = Vault count percentage of total count
                 A         B        C        D         E       F
            +---------+---------+-------+---------+---------+-------
      Total |    3886 |    3885 |  50.0 |     153 |      36 |  19.0
            +---------+---------+-------+---------+---------+-------
        D:1 |      49 |       0 |   0.0 |      26 |       0 |   0.0
        D:2 |     161 |       0 |   0.0 |      20 |       0 |   0.0
        D:3 |      67 |     104 |  60.8 |      11 |       3 |  21.4
        D:4 |      79 |     128 |  61.8 |      20 |       1 |   4.8
        D:5 |     695 |     321 |  31.6 |      14 |       6 |  30.0
        D:6 |     725 |     655 |  47.5 |      22 |       7 |  24.1
        D:7 |     860 |       0 |   0.0 |      14 |       0 |   0.0
        D:8 |    1054 |    2299 |  68.6 |      25 |      18 |  41.9
     Lair:1 |     196 |     378 |  65.9 |       1 |       1 |  50.0
            +---------+---------+-------+---------+---------+-------
